 Dungeon Crawl Stone Soup version 0.23.1 (webtiles) character file.

Game seed: 16412062603747237328

97 Borgoz the Sneak (level 4, 0/35 HPs)
             Began as a Ghoul Enchanter on Mar 13, 2019.
             Slain by a shadow imp (1 damage)
             ... summoned by Natasha
             ... on level 2 of the Dungeon.
             The game lasted 00:04:41 (1971 turns).

Borgoz the Sneak (Ghoul Enchanter)                  Turns: 1971, Time: 00:04:42

Health: 0/35       AC:  2    Str: 11    XL:     4   Next: 68%
Magic:  3/6        EV: 12    Int: 10    God:
Gold:   180        SH:  2    Dex: 10    Spells: 1/7 levels left

rFire    . . .     SeeInvis +   a - +0 short sword
rCold    + . .     Gourm    .   (no shield)
rNeg     + + +     Faith    .   b - +0 robe
rPois    ∞         Spirit   .   (no helmet)
rElec    .         Reflect  +   (no cloak)
rCorr    .         Harm     .   (no gloves)
MR       .....                  (no boots)
Stlth    ++........             c - +2 amulet of reflection
HPRegen  0.00/turn              k - ring of see invisible
MPRegen  0.10/turn              (no ring)

@: very slightly contaminated, rotting, slowed, very slow
A: rotting body, claws 1, carnivore, cold resistance 1, negative energy
resistance 3, inhibited regeneration, torment resistance, unbreathing
a: no special abilities


You were on level 2 of the Dungeon.
You were not hungry.

You visited 1 branch of the dungeon, and saw 3 of its levels.

You collected 180 gold pieces.

Inventory:

Hand Weapons
 a - a +0 short sword (weapon)
 j - a +1 dagger
Armour
 b - a +0 robe (worn)
Jewellery
 c - a +2 amulet of reflection (around neck)
 k - a ring of see invisible (left claw)
 p - a +2 ring of intelligence {unknown}
Scrolls
 g - a scroll of amnesia {unknown}
 h - a scroll of teleportation {unknown}
 l - 2 scrolls of identify {unknown}
 m - a scroll of blinking {unknown}
 r - a scroll of enchant weapon {unknown}
 t - a scroll of remove curse {unknown}
Potions
 i - 2 potions of brilliance
 n - a potion of mutation {unknown}
 o - a potion of agility
 s - a potion of invisibility {unknown}
 u - 2 potions of haste {unknown}
Comestibles
 d - 5 rations


   Skills:
 + Level 1.1 Fighting
 * Level 2.0 Short Blades
 * Level 1.4 Armour
 + Level 2.0 Dodging
 + Level 3.7 Stealth
 + Level 2.1 Spellcasting
 + Level 2.7 Hexes


You had one spell level left.
You knew the following spells:

 Your Spells              Type           Power        Failure   Level  Hunger
a - Corona                Hex            #......      10%         1    ##.....
b - Ensorcelled Hibernat  Hex/Ice        #.....       26%         2    ###....
c - Confuse               Hex            #.......     30%         3    ####...

Your spell library contained the following spells:

 Spells                   Type           Power        Failure   Level  Hunger
 Tukima's Dance           Hex            #.......     30%         3    ####...
 Dazzling Spray           Conj/Hex       #.....       47%         3    ####...


Dungeon Overview and Level Annotations

Branches:
Dungeon (3/15)

Altars:

Annotations:
D:2 Natasha


Innate Abilities, Weirdness & Mutations

Your body is rotting away.
You thrive on raw meat.
You are immune to poison.
You have sharp fingernails.
You are carnivorous and can eat meat at any time.
Your flesh is cold resistant. (rC+)
You are immune to negative energy. (rN+++)
You do not regenerate when monsters are visible.
You are immune to unholy pain and torment.
You can survive without breathing.


Message History

Aiming: Ensorcelled Hibernation (safe; 26% risk of failure)
Press: ? - help, Shift-Dir - straight line, f/p - Natasha
Aim: Natasha (moderately wounded, chance to defeat MR: 35%)
You miscast Ensorcelled Hibernation.
You are very lightly contaminated with residual magic.
You hear a crackling sound.
The white imp disappears in a puff of smoke!
Natasha barely misses you. The shadow imp hits you. Natasha claws you!
* * * LOW HITPOINT WARNING * * *
Casting: Ensorcelled Hibernation (safe; 26% risk of failure)
Confirm with . or Enter, or press ? or * to list all spells.
Aiming: Ensorcelled Hibernation (safe; 26% risk of failure)
Press: ? - help, Shift-Dir - straight line, f/p - Natasha
Aim: Natasha (moderately wounded, chance to defeat MR: 35%) Natasha easily resists.
The shadow imp hits you.
* * * LOW HITPOINT WARNING * * *
Natasha mumbles some strange words.
You feel troubled. You block Natasha's attack. The shadow imp hits you.
You die...

........###.## #.#####.#.
....######...# ♣♣♣♣♣...... ###.#
#...# ##♣♣..P♣♣##.#. # #.# #...#
##.♣P......#.#. ###.# #...#
#.#♣PP.♣.♣....< ....# #...#
#..#♣♣♣♣♣.####. #.#.# #...#
#...#.....####.
#.#.######...#########.#.####....
..#............5@...##...####.[..
##.............h.......#.........
##..................#...#.##....
######.#...#.#####.##.##.##....
#.#...#.# #.##....######
########.#...#.# #.#####.#
#........#...#.# #.#####.######
#.#####..#...#.# #.......##...(
#.#####........# #######.....#.


You could see Natasha and a shadow imp.

Vanquished Creatures
  Natasha (D:2)
  An adder (D:2)
  An ooze (D:1)
  4 dart slugs
  2 leopard geckos
  A ball python (D:3)
  2 bats
  4 giant cockroaches
  5 goblins
  10 hobgoblins
  2 frilled lizards
  7 kobolds
  7 rats
47 creatures vanquished.

Notes
Turn   | Place    | Note
-------+----------+-------------------------------------------
     0 | D:1      | Borgoz the Ghoul Enchanter began the quest for the Orb.
     0 | D:1      | Reached XP level 1. HP: 14/14 MP: 2/2
    25 | D:1      | Reached skill level 1 in Short Blades
   306 | D:1      | Reached XP level 2. HP: 20/20 MP: 3/3
   447 | D:1      | Learned a level 2 spell: Ensorcelled Hibernation
   575 | D:1      | Reached skill level 1 in Armour
   722 | D:1      | Reached XP level 3. HP: 26/26 MP: 4/4
   922 | D:1      | Learned a level 3 spell: Confuse
  1270 | D:2      | Reached XP level 4. HP: 21/34 MP: 6/6
  1520 | D:3      | Reached skill level 1 in Fighting
  1617 | D:3      | Noticed a sky beast
  1804 | D:2      | Noticed Natasha
  1813 | D:2      | Killed Natasha
  1944 | D:2      | Noticed Natasha
  1971 | D:2      | HP: 1/35 [shadow imp[Natasha] (4)]
  1971 | D:2      | Slain by a shadow imp

Skill      XL: |  1  2  3  4 |
---------------+-------------+-----
Short Blades   | 1 2 |  2.0
Armour         | 1 |  1.4
Spellcasting   | 2 |  2.1
Dodging        | 2 |  2.0
Fighting       | 1 |  1.1
Stealth        | |  3.7
Hexes          | |  2.7

Action                   |  1- 3 |  4- 6 || total
-------------------------+-------+-------++-------
Melee: Dagger            |    21 |       ||    21
       Short sword       |   133 |    58 ||   191
 Cast: Ensorcelled Hiber |       |     5 ||     5
  Use: Potion            |       |     4 ||     4
 Stab: Sleeping          |     6 |     3 ||     9
  Eat: Chunk             |    17 |    10 ||    27
Armor: Robe              |    37 |     6 ||    43
Dodge: Dodged            |   100 |    40 ||   140
Block: Other             |    11 |     2 ||    13
